 Dungeon Crawl Stone Soup version 0.25-a0-815-gab441bd002 (webtiles) character file.

Game seed: 9329554177727674696, levelgen mode: deterministic

278 Maedhros the Charlatan (level 6, -5/38 HPs)
             Began as an Octopode Artificer on Apr 20, 2020.
             Slain by a black bear (6 damage)
             ... on level 6 of the Dungeon.
             The game lasted 00:06:33 (1196 turns).

Maedhros the Charlatan (Octopode Artificer)         Turns: 1196, Time: 00:06:34

Health: -5/38      AC:  1    Str: 12    XL:     6   Next: 26%
Magic:  9/9        EV: 13    Int: 13    God:
Gold:   51         SH:  0    Dex: 14    Spells: 5/5 levels left

rFire    . . .     SeeInvis .   a - +0 short sword
rCold    . . .     Gourm    .   (no shield)
rNeg     . . .     Faith    .   (helmet restricted)
rPois    .         Spirit   .   (no amulet)
rElec    .         Reflect  .   (no ring)
rCorr    .         Harm     .   (no ring)
MR       .....                  (no ring)
Stlth    ++++......             (no ring)
HPRegen  0.12/turn              (no ring)
MPRegen  0.11/turn              (no ring)
                                (no ring)
                                (no ring)

@: no status effects
A: almost no armour, stealthy swim, amphibious, 8 rings, constrict 8, camouflage
1, gelatinous body 1
a: no special abilities


You were on level 6 of the Dungeon.
You were not hungry.

You visited 2 branches of the dungeon, and saw 7 of its levels.

You collected 51 gold pieces.

Inventory:

Hand Weapons
 a - a +0 short sword (weapon)
 k - the +3 mace "Waokkui" {holy, rElec Int-4 Dex+8}
   (You found it on level 5 of the Dungeon)

   It has been blessed by the Shining One to cause great damage to the undead
   and demons.
   It affects your intelligence (-4).
   It affects your dexterity (+8).
   It insulates you from electricity.
Wands
 b - a wand of flame (9)
 c - a wand of enslavement (18)
Scrolls
 g - a scroll of immolation {unknown}
 h - a scroll of identify {unknown}
 i - 2 scrolls of enchant armour {unknown}
Potions
 e - a potion of curing {unknown}
 j - a potion of degeneration {unknown}
 l - a potion of berserk rage {unknown}
 m - a potion of haste {unknown}
 n - a potion of stabbing {unknown}
Comestibles
 f - 5 rations


   Skills:
 - Level 1.0 Fighting
 - Level 1.0 Short Blades
 - Level 2.0 Dodging
 + Level 4.4 Stealth
 * Level 4.1 Unarmed Combat
 + Level 4.6 Evocations


You had 5 spell levels left.
You didn't know any spells.
Your spell library was empty.

Dungeon Overview and Level Annotations

Branches:
Dungeon (6/15)             Temple (1/1) D:4

Altars:
Ashenzari
Elyvilon
Fedhas
Gozag
Hepliaklqana
Kikubaaqudgha
Makhleb
Nemelex Xobeh
Qazlal
Sif Muna
Vehumet
Yredelemnul
Zin
The Shining One

Annotations:
D:5 2 runed translucent doors, Maedhros's ghost, amateur OpAr


Innate Abilities, Weirdness & Mutations

You cannot wear most types of armour.
You are very stealthy in the water. (Stealth+)
You are amphibious.
You can wear up to eight rings at the same time.
You can use your tentacles to constrict eight enemies at once.
Your skin changes colour to match your surroundings (Stealth+).
Your rubbery body absorbs attacks. (AC +1, EV +1)


Message History

Evoke which item? (* to show all) (? for menu, Esc to quit)
You don't have any such object.
Evoke which item? (* to show all) (? for menu, Esc to quit)
You don't have any such object.
Evoke which item? (* to show all) (? for menu, Esc to quit)
Okay, then.
Evoke which item? (* to show all) (? for menu, Esc to quit)
Aiming: Throw Flame
Press: ? - help, Shift-Dir - straight line, f - you The puff of flame hits something!
Something bites you. Something claws you. Something barely misses you.
Evoke which item? (* to show all) (? for menu, Esc to quit)
Aiming: Throw Flame
Press: ? - help, Shift-Dir - straight line, f - you Something bites you!
Something claws you. x2; Something bites you!
* * * LOW HITPOINT WARNING * * *
Something claws you.
* * * LOW HITPOINT WARNING * * *
Something claws you.
You die...

#.# #.# #.# #
#.############# .#.
#[##..........# ....
#.##.########.#####.....
#.##.#............?...(.
.....#..........@{?.....
..####.######..###†#..##
..# #..# # ..####.#
..... ...).... ..#..#
..####.# ####..# .......
...# ..####. .#. ..#


There were no monsters in sight!

Vanquished Creatures
  A sky beast (D:6)
  2 howler monkeys (D:5)
  A crimson imp (D:5)
  A bullfrog skeleton (D:6)
  An iguana (D:5)
  An adder (D:5)
  An ooze (D:2)
  A leopard gecko (D:5)
  A goblin (D:2)
  A hobgoblin (D:2)
  A quokka (D:5)
  A ball python (D:2)
  A bat (D:2)
14 creatures vanquished.

Notes
Turn   | Place    | Note
-------+----------+-------------------------------------------
     0 | D:1      | Maedhros the Octopode Artificer began the quest for the
                  | Orb.
     0 | D:1      | Reached XP level 1. HP: 13/13 MP: 3/3
   427 | D:2      | Reached skill level 1 in Unarmed Combat
   427 | D:2      | Reached XP level 2. HP: 18/18 MP: 4/4
   482 | D:4      | Found a staircase to the Ecumenical Temple.
   491 | Temple   | Entered the Ecumenical Temple
   711 | D:5      | Entered Level 5 of the Dungeon
   711 | D:5      | Noticed a howler monkey
   770 | D:5      | Found a runed translucent door.
   773 | D:5      | Noticed Maedhros's ghost (amateur OpAr)
   777 | D:5      | Got an iridescent mace
   779 | D:5      | Identified the +3 mace "Waokkui" {holy, rElec Int-4 Dex+8}
                  | (You found it on level 5 of the Dungeon)
   779 | D:5      | Noticed a bullfrog
   854 | D:5      | Killed a howler monkey
   854 | D:5      | Reached XP level 3. HP: 18/23 MP: 5/5
   906 | D:5      | Reached XP level 4. HP: 27/28 MP: 6/6
   972 | D:5      | Reached XP level 5. HP: 26/33 MP: 6/8
  1015 | D:5      | Found a runed translucent door.
  1179 | D:6      | Noticed a sky beast
  1188 | D:6      | Noticed a black bear
  1190 | D:6      | Killed a sky beast
  1190 | D:6      | Reached XP level 6. HP: 38/38 MP: 9/9
  1196 | D:6      | HP: 1/38 [something (6)]
  1196 | D:6      | Slain by a black bear

Levels and vault maps discovered:
D:1:      dpeg_arrival_rhombi, layout_loops_ring
D:2:      layout_loops_ring, overflow_temple_1_default, minmay_tromino_v7
D:3:      layout_rooms, grunt_temple_overflow_open,
          chequers_ecumenical_altar_twisty
D:4:      kennysheep_the_goblin_king, layout_basic,
          minmay_temple_entry_antechambers, nicolae_tso_swordbearing_angel
D:5:      lemuel_upstairs_altar, layout_basic, serial_shops,
          nicolae_shop_window_shopping, ebering_ghost_sewer_f, serial_rivers,
          chequers_serial_rivers_marsh, chequers_serial_rivers_micro_a,
          chequers_serial_rivers_micro_e, chequers_serial_rivers_marsh,
          chequers_serial_rivers_large_a, first_ration,
          hangedman_abyss_or_decor_stabs
D:6:      layout_loops_ring
Temple:   minmay_temple_curvy_branch

Skill      XL: |  1  2  3  4  5 |
---------------+----------------+-----
Unarmed Combat | 1 2 3 4 |  4.1
Stealth        | 2 3 4 |  4.4
Evocations     | 4 |  4.6
Fighting       | |  1.0
Short Blades   | |  1.0
Dodging        | |  2.0

Action                   |  1- 3 |  4- 6 || total
-------------------------+-------+-------++-------
Melee: Short sword       |     8 |       ||     8
       Mace              |     6 |    11 ||    17
       Constrict         |     3 |     3 ||     6
       Tentacles         |       |     5 ||     5
Evoke: Wand              |    12 |     9 ||    21
 Stab: Sleeping          |     4 |     1 ||     5
       Distracted        |       |     1 ||     1
  Eat: Chunk             |       |     1 ||     1
Armor: Skin              |     2 |       ||     2
Dodge: Dodged            |     6 |     8 ||    14

Table legend:
 A = Non-vault XP
 B = Vault XP
 C = Vault XP percentage of total XP
 D = Non-vault monster count
 E = Vault monster count
 F = Vault count percentage of total count
                 A         B        C        D         E       F
            +---------+---------+-------+---------+---------+-------
      Total |     398 |       0 |   0.0 |      14 |       0 |   0.0
            +---------+---------+-------+---------+---------+-------
        D:2 |      13 |       0 |   0.0 |       5 |       0 |   0.0
        D:5 |     217 |       0 |   0.0 |       7 |       0 |   0.0
        D:6 |     168 |       0 |   0.0 |       2 |       0 |   0.0
            +---------+---------+-------+---------+---------+-------
